 Dungeon Crawl Stone Soup version 0.26-a0-1184-g95e395e029 (webtiles) character file.

Game seed: 13200091161416952133

13863 Arthanis the Arsonist (level 11, -3/57 HPs)
             Began as a Deep Elf Fire Elementalist on Dec 27, 2020.
             Was a High Priest of Vehumet.
             Slain by a sixfirhy (11 damage)
             ... in a Gauntlet.
             The game lasted 00:32:04 (16615 turns).

Arthanis the Arsonist (Deep Elf Fire Elementalist) Turns: 16615, Time: 00:32:05

Health: -3/57      AC:  4    Str:  5    XL:     11   Next: 81%
Magic:  22/29      EV: 14    Int: 27    God:    Vehumet [*****.]
Gold:   725        SH:  0    Dex: 15    Spells: 11/34 levels left

rFire    . . .     SeeInvis .   T - +4 quarterstaff "Soarph" {vorpal, Int+3}
rCold    . . .     Faith    .   (shield currently unavailable)
rNeg     . . .     Spirit   .   E - +0 robe
rPois    .         Reflect  .   (no helmet)
rElec    .         Harm     .   (no cloak)
rCorr    .         Rampage  .   H - +0 pair of gloves
Will     ++...     NoTele   +   n - +0 pair of boots
Stlth    ++........             (no amulet)
HPRegen  0.19/turn              N - ring of willpower
MPRegen  0.21/turn              x - ring of wizardry

@: studying Shields
A: no striking features
a: Renounce Religion


You were in a Gauntlet.
You worshipped Vehumet.
Vehumet was extremely pleased with you.
You visited 2 branches of the dungeon, and saw 13 of its levels.
You also visited: Bailey and Gauntlet.

You collected 725 gold pieces.

Inventory:

Hand Weapons
 p - a +0 dagger
 t - a +0 flail of draining
 v - a +0 spear
 y - a +5 spear of venom
 T - the +4 quarterstaff "Soarph" (weapon) {vorpal, Int+3}
   (You took it off an orc on level 10 of the Dungeon)

   It inflicts extra damage upon your enemies.
   It affects your intelligence (+3).
 V - a cursed +3 long sword of freezing
Armour
 a - a +0 robe
 n - a +0 pair of boots (worn)
 E - a +0 robe (worn)
 H - a +0 pair of gloves (worn)
Jewellery
 q - an uncursed ring of flight
 x - a ring of wizardry (right hand)
 F - an uncursed ring of protection from cold
 J - an uncursed ring of protection from fire
 M - an uncursed ring of ice
 N - a ring of willpower (left hand)
 P - an uncursed ring of positive energy
Wands
 w - a wand of disintegration (19)
 D - a wand of acid (14)
 K - a wand of paralysis (9)
 L - a wand of iceblast (25)
 W - a wand of flame (37)
Scrolls
 b - 5 scrolls of enchant weapon
 g - 3 scrolls of fog
 h - 2 scrolls of amnesia {unknown}
 i - 6 scrolls of magic mapping
 l - 4 scrolls of enchant armour {unknown}
 m - 5 scrolls of teleportation
 A - 2 scrolls of random uselessness {unknown}
 B - 8 scrolls of remove curse
 C - a scroll of immolation {unknown}
 G - 4 scrolls of blinking
 S - a scroll of vulnerability {unknown}
Potions
 c - 3 potions of ambrosia
 d - 2 potions of mutation {unknown}
 e - a potion of magic {unknown}
 f - 2 potions of resistance
 j - 2 potions of haste {unknown}
 k - 2 potions of heal wounds {unknown}
 o - 2 potions of lignification {unknown}
 r - a potion of berserk rage {unknown}
 s - 2 potions of might {unknown}
 u - 11 potions of curing
 z - 4 potions of flight {unknown}
 I - a potion of invisibility {unknown}
 O - a potion of brilliance {unknown}
 U - 2 potions of attraction {unknown}
 X - a potion of degeneration {unknown}
Books
 R - a manual of Shields
Miscellaneous
 Q - a condenser vane


   Skills:
 - Level 2.0 Fighting
 - Level 4.0 Dodging
 - Level 3.0 Stealth
 + Level 12.1 Spellcasting
 + Level 10.0 Conjurations
 * Level 14.1 Fire Magic
 - Level 4.1 Evocations


You had 11 spell levels left.
You knew the following spells:

 Your Spells              Type           Power        Failure   Level
a - Foxfire               Conj/Fire      100%         1%          1
b - Conjure Flame         Conj/Fire      69%          1%          3
c - Sticky Flame          Conj/Fire      69%          1%          4
d - Fireball              Conj/Fire      34%          1%          5
e - Magic Dart            Conj           100%         1%          1
f - Fulminant Prism       Conj/Hex       21%          1%          4
g - Iskenderun's Battles  Conj           63%          1%          5

Your spell library contained the following spells:

 Spells                   Type           Power        Failure   Level
 Inner Flame              Hex/Fire       53%          1%          3


Dungeon Overview and Level Annotations

Branches:
Dungeon (12/15)            Temple (1/1) D:6            Lair (0/6) D:11
    Orc (0/2) D:11         Bailey (visited)         Gauntlet (1/1)

Altars:
Ashenzari
Cheibriados
Dithmenos
Elyvilon
Gozag
Kikubaaqudgha
Makhleb
Nemelex Xobeh
Okawaru
Qazlal
Ru
Trog
Uskayaw
Vehumet
Wu Jian
Xom
Yredelemnul
Zin
The Shining One
Beogh

Annotations:
Gauntlet 1 transporter


Message History

Casting: Fireball (safe; 1% risk of failure)
Confirm with . or Enter, or press ? or * to list all spells.
Okay, then.
The sixfirhy hits you! The sixfirhy shocks you!
Casting: Fireball (safe; 1% risk of failure)
Confirm with . or Enter, or press ? or * to list all spells.
Aiming: Sticky Flame (safe; 1% risk of failure)
Press: ? - help, Shift-Dir - straight line, f - sixfirhy
Aim: a sixfirhy (heavily wounded, 0% to evade)
The sticky flame hits the sixfirhy.
The sixfirhy is heavily wounded.
The sixfirhy is covered in liquid flames!
The sixfirhy burns!
The sixfirhy misses you. The sixfirhy hits you! The sixfirhy shocks you!
* * * LOW HITPOINT WARNING * * *
The sixfirhy hits you but does no damage.
The sixfirhy hits you!
* * * LOW HITPOINT WARNING * * *
The sixfirhy shocks you!
You die...

##≈###.......##
≈≈≈#≈≈≈#..∩.⌠.∩..#
#≈.....©.........©
##.#########.#####
#≈.#..5..###.#34..
≈≈.#.###5# #.##3.#
#≈.#.##..#.#.## .#
##.#...3...#.#.# .
#≈.#.#.@##.#.#...
≈≈. #=## .#..# #
#. . ## ..# .⌠.#
....# #.####


You could see a sixfirhy (burning), a neqoxec and an ufetubus.

Vanquished Creatures
  A two-headed ogre (D:9)
  Sonja (D:10)
  An orc knight (Bailey)
  An ugly thing (D:11)
  A cyclops (D:10)
  Psyche (D:11)
  Maggie (D:7)
  5 trolls
  A hornet (D:9)
  A meliai zombie (D:11)
  9 yaks
  A vampire (D:12)
  A wyvern (D:9)
  Edmund (D:5)
  An acid dragon (D:11)
  2 wargs (D:11)
  23 orc warriors
  An ice beast (D:11)
  6 phantoms
  A necrophage (D:7)
  3 ogres
  5 centaurs
  A big kobold (D:9)
  A bullfrog (D:8)
  2 gnoll sergeants
  A wyvern skeleton (D:6)
  3 scorpions
  9 killer bees
  15 wights
  2 centaur zombies
  5 gnoll shamans (D:3)
  6 jellies
  8 hounds
  8 orc priests
  2 centaur skeletons
  3 iguanas
  6 worker ants
  6 orc wizards
  A killer bee zombie (D:10)
  2 hound zombies
  2 hound skeletons
  39 gnolls
  9 adders
  A shadow imp (D:8)
  6 white imps
  4 ufetubi
  2 oozes
  2 adder skeletons
  4 worms
  A dart slug (D:1)
  6 leopard geckos
  72 orcs
  6 bats
  9 giant cockroaches
  13 goblins
  6 hobgoblins (D:3)
  25 jackals
  5 quokkas
  A ball python (D:4)
  A ball python skeleton (D:5)
  8 frilled lizards
  10 kobolds
  A leopard gecko skeleton (D:8)
  A leopard gecko zombie (D:9)
  7 rats
390 creatures vanquished.

Vanquished Creatures (others)
  A quokka (D:3)
  1578 foxfires
  3 plants (D:3)
  2 withered plants (Gauntlet)
1584 creatures vanquished.

Grand Total: 1974 creatures vanquished

Notes
Turn   | Place    | Note
-------+----------+-------------------------------------------
     0 | D:1      | Arthanis the Deep Elf Fire Elementalist began the quest for
                  | the Orb.
     0 | D:1      | Reached XP level 1. HP: 10/10 MP: 6/6
     6 | D:1      | Noticed a black bear
     6 | D:1      | Noticed an eight-headed hydra
     6 | D:1      | Noticed an iguana
     7 | D:1      | Noticed a redback
     7 | D:1      | Noticed a salamander
   693 | D:1      | Reached XP level 2. HP: 15/15 MP: 5/8
  1072 | D:2      | Reached skill level 4 in Fire Magic
  1143 | D:2      | Reached XP level 3. HP: 19/19 MP: 5/10
  1256 | D:2      | Learned a level 3 spell: Conjure Flame
  1268 | D:2      | Found a sacrificial altar of Ru.
  1524 | D:2      | Reached XP level 4. HP: 24/24 MP: 7/11
  1529 | D:2      | Learned a level 4 spell: Sticky Flame
  1973 | D:2      | Found a broken altar of Ashenzari.
  1973 | D:2      | Found a snail-covered altar of Cheibriados.
  2302 | D:3      | Reached skill level 5 in Fire Magic
  2401 | D:3      | Reached XP level 5. HP: 26/28 MP: 10/13
  2861 | D:3      | Learned a level 5 spell: Fireball
  3120 | D:3      | Found a white marble altar of Elyvilon.
  3208 | D:3      | Found an opulent altar of Gozag.
  3356 | D:3      | Reached XP level 6. HP: 21/32 MP: 5/15
  3485 | D:3      | Reached skill level 5 in Spellcasting
  3619 | D:3      | Reached skill level 6 in Fire Magic
  4243 | D:3      | Reached XP level 7. HP: 36/36 MP: 3/17
  4704 | D:3      | Reached skill level 7 in Fire Magic
  5532 | D:4      | Reached skill level 5 in Conjurations
  5532 | D:4      | Reached XP level 8. HP: 41/41 MP: 13/20
  5889 | D:4      | Reached skill level 8 in Fire Magic
  6198 | D:5      | Entered Level 5 of the Dungeon
  6317 | D:5      | Found a hide-covered altar of Uskayaw.
  6371 | D:5      | Found a glowing silver altar of Zin.
  7279 | D:6      | Noticed Edmund
  7299 | D:5      | Killed Edmund
  7560 | D:6      | Reached skill level 9 in Fire Magic
  7647 | D:6      | Found a staircase to the Ecumenical Temple.
  7932 | Temple   | Entered the Ecumenical Temple
  8059 | Temple   | Became a worshipper of Vehumet
  8157 | D:6      | Reached XP level 9. HP: 35/45 MP: 11/23
  8623 | D:7      | Reached skill level 10 in Fire Magic
  8629 | D:7      | Noticed Maggie
  9201 | D:7      | Killed Maggie
  9283 | D:7      | Reached * piety under Vehumet
  9283 | D:7      | Offered knowledge of Magic Dart by Vehumet.
  9287 | D:7      | Learned a level 1 spell: Magic Dart
  9892 | D:8      | Found an ornate altar of the Wu Jian Council.
  9940 | D:8      | Reached skill level 11 in Fire Magic
 10321 | D:8      | Offered knowledge of Sandblast by Vehumet.
 10336 | D:8      | Reached ** piety under Vehumet
 10848 | D:9      | Reached XP level 10. HP: 50/50 MP: 20/25
 11120 | D:9      | Reached skill level 10 in Spellcasting
 11120 | D:9      | Reached skill level 1 in Evocations
 11199 | D:9      | Noticed a two-headed ogre
 11238 | D:9      | Killed a two-headed ogre
 11239 | D:9      | Reached skill level 1 in Fighting
 11700 | D:9      | Found a glowing golden altar of the Shining One.
 11703 | D:9      | Found a basalt altar of Yredelemnul.
 11706 | D:9      | Noticed a profane servitor
 11768 | D:9      | Noticed an angel
 11790 | D:10     | Entered Level 10 of the Dungeon
 11818 | D:10     | Offered knowledge of Mephitic Cloud by Vehumet.
 11828 | D:10     | Reached *** piety under Vehumet
 11944 | D:10     | Reached skill level 12 in Fire Magic
 11948 | D:9      | Paralysed by a hornet for 1 turns
 12229 | D:10     | Noticed a cyclops
 12233 | D:10     | Killed a cyclops
 12287 | D:10     | Noticed Sonja
 12296 | D:10     | Killed Sonja
 12316 | D:10     | Offered knowledge of Ignite Poison by Vehumet.
 12385 | D:10     | Found a flagged portal.
 12460 | Bailey   | Entered a bailey
 13041 | Bailey   | Reached XP level 11. HP: 53/57 MP: 21/27
 13761 | Bailey   | Noticed an orc knight
 13767 | Bailey   | Killed an orc knight
 13768 | Bailey   | Reached skill level 13 in Fire Magic
 13939 | Bailey   | Found a roughly hewn altar of Beogh.
 14039 | D:10     | Reached **** piety under Vehumet
 14066 | D:10     | Identified the +4 quarterstaff "Soarph" {vorpal, Int+3}
 14318 | D:10     | Offered knowledge of Fulminant Prism by Vehumet.
 14325 | D:10     | Learned a level 4 spell: Fulminant Prism
 14520 | D:10     | Found a roughly hewn altar of Beogh.
 14666 | D:11     | Noticed Psyche
 14669 | D:11     | Killed Psyche
 15031 | D:11     | Found a staircase to the Lair.
 15268 | D:11     | Identified the +3 chain mail "Escheilau" {Int+2 SInv}
 15652 | D:11     | Found a staircase to the Orcish Mines.
 15951 | D:11     | Noticed a green ugly thing
 15968 | D:11     | Killed a green ugly thing
 15969 | D:11     | Reached ***** piety under Vehumet
 16334 | D:12     | Found an opulent altar of Gozag.
 16352 | D:12     | Reached skill level 10 in Conjurations
 16352 | D:12     | Reached skill level 14 in Fire Magic
 16362 | D:12     | Offered knowledge of Iskenderun's Battlesphere by Vehumet.
 16369 | D:12     | Learned a level 5 spell: Iskenderun's Battlesphere
 16474 | D:12     | Found a gate leading to a gauntlet.
 16485 | Gauntlet | Entered a Gauntlet
 16485 | Gauntlet | Found a transporter.
 16485 | Gauntlet | Found a transporter.
 16489 | Gauntlet | Noticed a sixfirhy
 16615 | Gauntlet | Slain by a sixfirhy

Illustrated notes

Levels and vault maps discovered:
D:1:      onia_arrival_zoo_common, layout_loops_corners, minmay_pentomino_o4
D:2:      layout_loops_cross, nicolae_ru_great_annihilating_truth,
          gammafunk_temple_overflow_pools
D:3:      lemuel_castle_with_subvaults [lemuel_castle_interior_carwin_1],
          layout_loops_ring, lemuel_round_altar, grunt_decor_mini_mirrors,
          roderic_serpentine_path, elyvilon_altar_4
D:4:      layout_basic
D:5:      layout_rooms, lemuel_coloured_pillars_altar, basic_altar
D:6:      minmay_angry_zag, layout_rooms, minmay_temple_entry_glass, uniq_edmund
D:7:      layout_basic, uniq_maggie
D:8:      layout_rooms, nicolae_overflow_crystal_walls
D:9:      layout_cave_pools, grunt_temple_overflow_holy_war, skrybe_limestone_x,
          minmay_stone_trees_small, minivault_19, kennysheep_generic_room_9
D:10:     layout_cave_pools, special_room [special_room_orc], enter_bailey_3,
          uniq_sonja
D:11:     layout_roguey, lair_entry_dummy, david_orc_1_choice, uniq_psyche
D:12:     layout_roguey, basic_altar, gauntlet_entry_generic,
          minmay_crystal_room, drop_trap
Temple:   dpeg_chambers_temple
Gauntlet: minmay_gauntlet_77_indecision [minmay_gauntlet_arena_77_p_blocks,
          minmay_gauntlet_arena_77_fan, minmay_gauntlet_arena_77_run_for_it,
          minmay_gauntlet_arena_77_museum, minmay_gauntlet_arena_77_path,
          minmay_gauntlet_arena_77_hold_the_fort,
          nicolae_gauntlet_exit_dead_adventurers]

Skill      XL: |  1  2  3  4  5  6  7  8  9 10 11 |
---------------+----------------------------------+-----
Fire Magic     | 4 5 6 7 9 11 12 14 | 14.1
Conjurations   | 2 3 4 5 6 7 9 10 | 10.0
Spellcasting   | 4 5 6 8 9 10 12 | 12.1
Evocations     | 2 4 |  4.1
Stealth        | 3 |  3.0
Dodging        | 4 |  4.0
Fighting       | 2 |  2.0

Action                   |  1- 3 |  4- 6 |  7- 9 | 10-12 || total
-------------------------+-------+-------+-------+-------++-------
Melee: Unarmed           |     1 |       |       |       ||     1
       Dagger            |       |     4 |       |       ||     4
       Spear             |       |       |    27 |    46 ||    73
 Cast: Foxfire           |    55 |   229 |   437 |   289 ||  1010
       Conjure Flame     |       |       |    12 |     5 ||    17
       Sticky Flame      |       |       |     7 |    29 ||    36
       Fireball          |       |       |    10 |    72 ||    82
Evoke: Wand              |       |       |       |     1 ||     1
  Use: Scroll            |       |       |     6 |     6 ||    12
 Stab: Sleeping          |       |     1 |       |       ||     1
Armor: Robe              |     1 |     6 |     6 |    13 ||    26
Dodge: Dodged            |     3 |    37 |    63 |    66 ||   169

Table legend: (Time is in decaauts)
 A = Elapsed time spent in this place.
 B = Non-inter-level travel time spent in this place.
 C = Inter-level travel time spent in this place.
 D = Time resting spent in this place.
 E = Time spent auto-exploring this place.
 F = Levels seen in this place.
 G = Mean time per level.
                   A        B        C        D        E       F      G
               +--------+--------+--------+--------+--------+-----+--------+
         Total |  16626 |  16204 |    422 |   1828 |  11603 |  15 | 1108.4 |
       Dungeon |  14863 |  14453 |    410 |   1219 |  10832 |  12 | 1238.6 |
        Temple |    140 |    128 |     12 |      0 |    119 |   1 |  140.0 |
        Bailey |   1494 |   1494 |      0 |    494 |    652 |   1 | 1494.0 |
      Gauntlet |    127 |    127 |      0 |    115 |      0 |   1 |  127.0 |
               +--------+--------+--------+--------+--------+-----+--------+

Top non-repeatable levels by time:
     D:3: 3166 daAuts
    D:11: 1663 daAuts
     D:9: 1613 daAuts
  Bailey: 1494 daAuts
     D:5: 1345 daAuts
     D:2: 1075 daAuts
     D:7: 1041 daAuts
     D:6: 1005 daAuts
    D:10: 1004 daAuts
     D:1: 992 daAuts
     D:4: 966 daAuts
     D:8: 838 daAuts
    D:12: 151 daAuts
  Temple: 140 daAuts
Gauntlet: 127 daAuts
